cohdb
Replays
Latest Replays
All Replays
Popular Replays
Top Player Replays
Match Explorer
How It Works
Community
CoH3 Stats
Reddit
Sign in to upload your games and track your stats! →
Sign in with Steam
Match 25383629
Unlisted
Match 25383629
Overview
Messages
Build Orders
End
Selects Italian Coastal Battlegroup
Selects Coastal Reserves
Coastal Reserve
Construct Infanterie Kompanie
MG 42 Machine Gun Team
Coastal Reserve
Infanterie Officer Quarters
MG 42 Machine Gun Team
Selects Artillery Officer
Artillery Officer
Construct Panzergrenadier Kompanie
Selects Support Bunkers
Support Elements
Nebelwerfer 42 Rocket Launcher Team
Nebelwerfer 42 Rocket Launcher Team
Selects Designated Artillery Overwatch
MG 42 Bunker
Rowdy
lifetec
ManWithPlan
MiniMitMit
Jonatanga
Eber
0
0
Comments
sign in to comment!
No comments posted yet!